 Dungeon Crawl Stone Soup version 0.28.0-53-g5a82cb258f (webtiles) character file.

Game seed: 10902905760148651325

102 101zpm the Magician (level 5, -4/35 HPs)
             Began as a Djinni Fire Elementalist on May 18, 2022.
             Slain by an ogre
             ... wielding a +0 giant club
              (15 damage)
             ... on level 3 of the Dungeon on May 21, 2022.
             The game lasted 00:04:11 (2930 turns).

101zpm the Magician (Djinni Fire Elementalist)      Turns: 2930, Time: 00:04:12

Health: -4/35      AC:  2    Str:  7    XL:     5   Next: 6%
Gold:   41         EV: 12    Int: 18    God:
                   SH:  0    Dex: 14

rFire   + + .      SeeInvis .   (no weapon)
rCold   x . .      Faith    .   (no shield)
rNeg    . . .      Spirit   .   a - +0 robe
rPois   ∞          Reflect  .   (no helmet)
rElec   .          Harm     .   (no cloak)
rCorr   .          Rampage  .   (no gloves)
Will    .....                   (boots unavailable)
Stlth   ++........              (no amulet)
HPRegen 0.11/turn               (no ring)
MPRegen 0.00/turn               (no ring)

@: flying
A: sickness immunity, fire resistance 2, cold vulnerability 1, float, innate
caster, HP casting, extra vitality 1
a: no special abilities


You were on level 3 of the Dungeon.
You visited 1 branch of the dungeon, and saw 4 of its levels.

You collected 41 gold pieces.

Inventory:

Armour
 a - a +0 robe (worn)
Scrolls
 d - a scroll of identify {unknown}
Potions
 b - a potion of curing {unknown}
 c - a potion of invisibility {unknown}
 e - a potion of mutation {unknown}


   Skills:
 + Level 0.2 Fighting
 + Level 2.7 Dodging
 + Level 2.0 Stealth
 + Level 3.8 Spellcasting


You couldn't memorise any spells.
You knew the following spells:

 Your Spells              Type           Power      Damage    Failure   Level
a - Foxfire               Conj/Fire      68%        2x1d7     3%          1
b - Scorch                Fire           34%        2d7       4%          2
c - Conjure Flame         Conj/Fire      17%        6-21      10%         3
d - Inner Flame           Hex/Fire       17%        N/A       10%         3
e - Flame Wave            Conj/Fire      17%        2d6       30%         4
f - Pain                  Necr           68%        1d7       3%          1
g - Ensorcelled Hibernat  Hex/Ice        34%        N/A       4%          2
Your spell library was empty.

Dungeon Overview and Level Annotations

Branches:
Dungeon (4/15)
 Temple: D:4-7

Altars:


Innate Abilities, Weirdness & Mutations

You are immune to sickness and miasma.
You are immune to poison.
Your flesh is very heat resistant. (rF++)
You are vulnerable to cold. (rC-)
You float through the air rather than walking.
You learn spells naturally, not from books.
Your magical power is your life essence.
You have superior vitality. (+4 MHP)


Message History

Found a stone staircase leading down.
A frilled lizard comes into view.
You conjure some foxfire!
Casting: Foxfire (safe; 3% risk of failure)
Confirm with . or Enter, or press ? or * to list all spells.
You can't see any susceptible monsters within range! (Use Z to cast anyway.) Unknown command.
Casting: Foxfire (safe; 3% risk of failure)
Confirm with . or Enter, or press ? or * to list all spells.
Flames lash the frilled lizard.
You kill the frilled lizard!
You conjure some foxfire!
Your foxfire dissipates! x2
Your foxfire dissipates!
Found a mace.
There is a stone staircase leading down here.
You fly downwards.
There is a stone staircase leading up here.
Casting: Foxfire (safe; 3% risk of failure)
Confirm with . or Enter, or press ? or * to list all spells.
Flames lash the endoplasm.
You kill the endoplasm!
You hear a shout!
You conjure some foxfire!
An ogre comes into view. It is wielding a +0 giant club.
Unknown command.
You miscast Foxfire.
You are very lightly contaminated with residual magic.
Nothing appears to happen.
You conjure some foxfire!
The ogre hits you with a +0 giant club!!
Ouch! That really hurt!
The foxfire hits the ogre.
The ogre is lightly wounded.
The ogre barely misses you.
You fly upwards.
There is a stone staircase leading down here.
Your magical contamination has completely faded away.
The ogre hits you with a +0 giant club!
You die...

#######
.....###
#...... #
#.##.#
#.#....# #
#)#.##O#.#
#..>.@...#
###.######
#.#
###.###
#†....#
#.#.#.#
#.#...#
#^##..#
#.##..#


You could see an ogre.

Vanquished Creatures
  4 gnolls (D:2)
  2 adders (D:2)
  A worm (D:2)
  A dart slug (D:1)
  4 endoplasms
  2 goblins
  5 hobgoblins
  4 kobolds
  A quokka (D:2)
  2 ball pythons (D:1)
  5 bats
  4 frilled lizards
  8 rats
43 creatures vanquished.

Vanquished Creatures (others)
  211 foxfires
211 creatures vanquished.

Grand Total: 254 creatures vanquished

Notes
Turn   | Place    | Note
-------+----------+-------------------------------------------
     0 | D:1      | 101zpm the Djinni Fire Elementalist began the quest for the
                  | Orb.
     0 | D:1      | Reached XP level 1. HP: 15/15 MP: 0/0
   344 | D:1      | Reached XP level 2. HP: 18/21 MP: 0/0
  1017 | D:1      | Upgraded the game from 0.28.0-49-g6dfe1f597d to
                  | 0.28.0-53-g5a82cb258f
  1077 | D:1      | Reached XP level 3. HP: 23/25 MP: 0/0
  1077 | D:1      | Learned a level 1 spell: Pain
  1161 | D:1      | Reached skill level 3 in Spellcasting
  1987 | D:2      | Reached XP level 4. HP: 15/31 MP: 0/0
  2558 | D:2      | Reached XP level 5. HP: 30/35 MP: 0/0
  2558 | D:2      | Learned a level 2 spell: Ensorcelled Hibernation
  2920 | D:4      | Noticed an ogre
  2930 | D:3      | Slain by an ogre

Illustrated notes

Levels and vault maps discovered:
D:1:      dpeg_arrival_subterranean_lakeside_camping, layout_loops_corners,
          serial_bayou_pond_d
D:2:      layout_basic, chequers_serial_rivers_micro_e
D:3:      wad_pebble_path, layout_loops_cross, nicolae_dithmenos_the_darkroom,
          dilly_ecumenical_altar_fadedgnrine
D:4:      layout_loops_cross, minmay_lizard_king, uniq_edmund, uniq_natasha

Skill      XL: |  1  2  3  4 |
---------------+-------------+-----
Spellcasting   | 3 |  3.8
Stealth        | 2 |  2.0
Fighting       | |  0.2
Dodging        | |  2.7

Action                   |  1- 3 |  4- 6 || total
-------------------------+-------+-------++-------
 Cast: Foxfire           |   100 |    32 ||   132
       Scorch            |     5 |     4 ||     9
       Inner Flame       |       |     1 ||     1
       Pain              |       |     1 ||     1
Armor: Robe              |     1 |       ||     1
Dodge: Dodged            |       |     1 ||     1
